Map: Lerilak Crest

Players

LionHeart - Winner!

  • Race: Zerg Zerg
  • League: Gold

LilDicky

  • Race: Terran Terran
  • League: Diamond

VOD

http://www.twitch.tv/tumescentpie

Description

Time

  • Played on: Nov. 25, 2015, 8:42 p.m.
  • Length: 4:25
Show
View Real Time Build Order
Export as new Build Order

LionHeart Zerg - Winner!

Build Orders: Hatch First, Zergling Baneling 

Get SALT Encoding   

  12  0:02  Drone  
  13  0:08  Drone  
  14  0:16  Overlord  
  15  0:35  Drone x3  
  17  0:47  Drone  
  18  0:58  Hatchery  
  18  1:00  Drone  
  18  1:13  Extractor  
  18  1:17  Spawning Pool  
  18  1:18  Drone  
  17  1:25  Drone  
  18  1:30  Drone  
  19  1:42  Drone  
  20  1:53  Drone  
  21  2:09  Queen  
  21  2:10  Queen  
  21  2:12  Drone x2  
  21  2:13  Drone  
  28  2:17  Metabolic Boost  
  28  2:21  Overlord  
  28  2:39  Overlord  
  28  2:47  Baneling Nest  
  27  3:05  Zergling x4  
  27  3:06  Zergling x8  
  33  3:17  Zergling x4  
  33  3:18  Zergling x6  
  38  3:20  Zergling x2  
  38  3:21  Zergling x4  
  41  3:38  Zergling x4  
  41  3:40  Overlord  
  41  3:41  Overlord  
  43  3:57  Baneling x4  
  43  3:58  Baneling x5  
  43  4:01  Zergling x14  
Show
View Real Time Build Order
Export as new Build Order

LilDicky Terran 

Build Orders: 1/1/1, Cyclone Opening 

Get SALT Encoding   

  12  0:01  SCV  
  13  0:13  SCV  
  14  0:17  Supply Depot  
  14  0:25  SCV  
  15  0:32  Refinery  
  15  0:38  SCV  
  16  0:45  Barracks  
  16  0:51  SCV  
  17  1:03  SCV  
  18  1:15  SCV  
  19  1:27  SCV  
  19  1:31  Marine  
  21  1:34  Factory  
  21  1:39  Orbital Command  
  21  1:42  Refinery  
  21  1:49  Supply Depot  
  21  1:51  Barracks Tech Lab  
  21  2:05  SCV  
  22  2:17  SCV  
  22  2:21  Starport  
  22  2:22  Marine  
  23  2:29  SCV  
  25  2:40  Marine  
  25  2:42  Cyclone  
  29  2:48  SCV  
  30  2:51  Supply Depot  
  30  2:56  Liberator  
  30  3:00  SCV  
  30  3:04  Supply Depot  
  31  3:13  SCV  
  31  3:19  Marine  
  36  3:25  SCV  
  37  3:27  Supply Depot  
  37  3:35  Barracks  
  37  3:37  Marine  
  37  3:39  Cyclone  
  40  3:56  Starport Tech Lab  
  40  4:05  SCV  
  40  4:09  Barracks Tech Lab  
  41  4:11  Command Center  
  44  4:21  Supply Depot  
Tags
 
Add a new tag
Caveats
  • Supply blocks, unpowered buildings, or Contaminate may cause inaccurate times.
  • Supply counts are checked every 10 seconds.